 Dungeon Crawl Stone Soup version 0.22-b1-59-g0aedee734a (webtiles) character file.

7 MrSplat the Sneak (level 2, -1/22 HPs)
             Began as a Naga Enchanter on Aug 9, 2018.
             Slain by a kobold (2 damage)
             ... on level 1 of the Dungeon.
             The game lasted 00:04:31 (278 turns).

MrSplat the Sneak (Naga Enchanter)                   Turns: 278, Time: 00:04:31

Health: -1/22      AC:  1    Str: 10    XL:     2   Next: 0%
Magic:  5/5        EV: 10    Int: 15    God:
Gold:   15         SH:  0    Dex: 11    Spells: 4/5 levels left

rFire    . . .     SeeInvis +   a - +1 dagger
rCold    . . .     Gourm    .   (no shield)
rNeg     . . .     Faith    .   b - +0 robe
rPois    +         Spirit   .   (no helmet)
rElec    .         Reflect  .   (no cloak)
rCorr    .         Harm     .   (no gloves)
MR       .....                  (no barding)
Stlth    +++.......             (no amulet)
HPRegen  0.07/turn              (no ring)
MPRegen  0.09/turn              (no ring)

@: short of breath, very slow
A: large, see invisible, deformed body, poison resistance, slowness 2, slow
metabolism 1, spit poison 1, AC +0
a: Spit Poison


You were on level 1 of the Dungeon.
You were not hungry.

You visited 1 branch of the dungeon, and saw 1 of its levels.

You collected 15 gold pieces.


Innate Abilities, Weirdness & Mutations

You cannot wear boots.
Your serpentine skin is tough. (AC +0)
You have supernaturally acute eyesight. (SInv)
Armour fits poorly on your strangely shaped body.
Your system is resistant to poisons. (rPois)
You cover ground very slowly.
You have a slow metabolism.
You can spit poison.


   Skills:
 - Level 1.0 Short Blades
 - Level 1.5 Dodging
 + Level 4.7 Stealth
 - Level 2.0 Spellcasting
 * Level 3.3 Hexes


You had 4 spell levels left.
You knew the following spells:

 Your Spells              Type           Power        Failure   Level  Hunger
a - Corona                Hex            ##.....      5%          1    #......

Your spell library contained the following spells:

 Spells                   Type           Power        Failure   Level  Hunger
 Confuse                  Hex            ##......     17%         3    ###....
 Tukima's Dance           Hex            ##......     17%         3    ###....
 Ensorcelled Hibernation  Hex/Ice        #.....       17%         2    ###....
 Dazzling Spray           Conj/Hex       #.....       32%         3    ###....

Inventory:

Hand Weapons
 a - a +1 dagger (weapon)
Armour
 b - a +0 robe (worn)
Jewellery
 f - a +2 ring of strength {unknown}
   (You found it on level 1 of the Dungeon)
Scrolls
 e - a scroll of random uselessness {unknown}
Comestibles
 d - a ration {@e1}
 g - a chunk of flesh

Dungeon Overview and Level Annotations

Branches:
Dungeon (1/15)

Altars:

# ###########+#.
........#.....###########
......#.#...............#
...##.#.# .............#
....#.#.# #..........
.#.##.#.# #@#... .#.##.#.#
#K#.########
#....#.########..........#
#######..........).§#####.
..).....................#
≈§≈≈§.≈§≈≈§.≈§≈≈≈.≈§≈§§.#
.≈§≈...≈≈≈...§≈≈...≈§≈§.#
..≈)...)≈.....≈.....≈..§#
...≈≈≈≈≈.......§≈≈≈≈..§.#


You could see a kobold.


Message History

The kobold shouts!
You hear a shout! x2
A kobold comes into view.
You completely miss the kobold. The kobold misses you.
You barely miss the kobold. The kobold barely misses you.
A goblin comes into view. It is wielding a club.
Casting: Corona (safe; 6% risk of failure)
Confirm with . or Enter, or press ? or * to list all spells.
You don't know that spell.
Use which ability? (? or * to list)
Press: ? - help, Shift-Dir - straight line, f - kobold
Aim: a kobold The splash of poison hits the kobold.
The kobold is poisoned.
The kobold is moderately wounded.
You feel slightly more hungry. The kobold hits you but does no damage.
You hit the kobold.
You kill the kobold!
The kobold throws a stone.
The stone hits you but does no damage.
You have got your breath back.
You hit the kobold.
The kobold is severely wounded.
The kobold hits you.
You take 3 damage, and have 12/15 hp.
You miss the kobold.
The kobold is severely wounded.
The kobold closely misses you.
You closely miss the kobold.
The kobold is severely wounded.
The kobold barely misses you.
You hit the kobold.
You kill the kobold!
You hit the goblin.
The goblin is moderately wounded.
Casting: Corona (safe; 6% risk of failure)
Confirm with . or Enter, or press ? or * to list all spells.
You don't know that spell.
Use which ability? (? or * to list)
Press: ? - help, Shift-Dir - straight line, f - goblin
Aim: a goblin, wielding a club (moderately wounded)
The splash of poison hits the goblin.
You kill the goblin!
You feel slightly more hungry.
Things that are here:
a club; 3 stones You have got your breath back.
You see here a dagger.
You start resting.
HP restored.
Health restored: 15 You see here a dagger.
Things that are here:
a club; 3 stones Some of the chunks of flesh in your inventory have rotted away. 2 kobolds come into view.
The kobold shouts! x2
Casting: Corona (safe; 6% risk of failure)
Confirm with . or Enter, or press ? or * to list all spells.
You don't know that spell.
Use which ability? (? or * to list)
Press: ? - help, Shift-Dir - straight line, f - kobold
Aim: a kobold The splash of poison hits the kobold.
The kobold is severely wounded.
You feel slightly more hungry.
You hit the kobold but do no damage.
The kobold is severely wounded.
You hit the kobold but do no damage.
The kobold is severely wounded.
The kobold misses you. The kobold barely misses you.
You hit the kobold but do no damage.
The kobold is severely wounded.
The kobold hits you. The kobold hits you but does no damage.
You take 1 damage, and have 14/15 hp.
You barely miss the kobold.
The kobold is severely wounded.
The kobold closely misses you. The kobold hits you with a club.
You take 4 damage, and have 10/15 hp.
MASSIVE DAMAGE!!
You barely miss the kobold.
The kobold is severely wounded.
The kobold hits you. The kobold hits you but does no damage.
You take 1 damage, and have 9/15 hp.
You have got your breath back.
The kobold barely misses you. The kobold hits you.
You take 2 damage, and have 7/15 hp.
The kobold hits you with a club.
* * * LOW HITPOINT WARNING * * *
You take 6 damage, and have 1/15 hp.
MASSIVE DAMAGE!!
Casting: Corona (safe; 6% risk of failure)
Confirm with . or Enter, or press ? or * to list all spells.
You don't know that spell.
Use which ability? (? or * to list)
Press: ? - help, Shift-Dir - straight line, f/p - kobold
Aim: a kobold The splash of poison hits the kobold.
The kobold is poisoned.
You kill the kobold!
You have reached level 2!
You feel slightly more hungry.
MP restored: 5 You barely miss the kobold.
You barely miss the kobold. The kobold hits you.
You die...

Action                   || total
-------------------------++-------
Melee: Dagger            ||    21
 Abil: Spit Poison       ||     9
Armor: Robe              ||     3
Dodge: Dodged            ||    13

Vault maps used:
D:1:      onia_arrival_pyramid

Notes
Turn   | Place    | Note
-------+----------+-------------------------------------------
     0 | D:1      | MrSplat the Naga Enchanter began the quest for the Orb.
     0 | D:1      | Reached XP level 1. HP: 15/15 MP: 3/3
   275 | D:1      | HP: 1/15 [kobold/club (6)]
   276 | D:1      | Reached XP level 2. HP: 1/22 MP: 5/5
   278 | D:1      | Slain by a kobold

Vanquished Creatures
  2 goblins (D:1)
  A frilled lizard (D:1)
  4 kobolds (D:1)
7 creatures vanquished.

Table legend:
 A = Turns spent in this place as a percentage of turns spent in the entire game.
 B = Non-inter-level travel turns spent in this place as a percentage of non-inter-level travel turns spent in the entire game.
 C = Inter-level travel turns spent in this place as a percentage of turns spent in this place.
 D = Turns resting spent in this place as a percentage of non-inter-level travel turns spent in this place.
 E = Turns spent auto-exploring this place as a percentage of non-inter-level travel turns spent in this place.
 F = Non-inter-level travel turns spent in this place divided by the number of levels of this place that you've seen.
                   A       B       C       D       E      F
               +-------+-------+-------+-------+-------+----------------------
         Total | 100.0 | 100.0 |   0.0 |  43.9 |  15.5 | 278.0
       Dungeon | 100.0 | 100.0 |   0.0 |  43.9 |  15.5 | 278.0
               +-------+-------+-------+-------+-------+----------------------

Table legend:
 A = Non-vault XP
 B = Vault XP
 C = Vault XP percentage of total XP
 D = Non-vault monster count
 E = Vault monster count
 F = Vault count percentage of total count
 G = Total turns spent on level
                 A         B        C        D         E       F
            +---------+---------+-------+---------+---------+-------
      Total |      10 |       0 |   0.0 |       7 |       0 |   0.0
            +---------+---------+-------+---------+---------+-------
        D:1 |      10 |       0 |   0.0 |       7 |       0 |   0.0
            +---------+---------+-------+---------+---------+-------
